 Dungeon Crawl Stone Soup version 0.21.1-1-g345015f (webtiles) character file.

28 letownia3 the Magician (level 3, 24/24 HPs)
             Began as a Demonspawn Wizard on Feb 6, 2018.
             Quit the game on level 3 of the Dungeon.
             The game lasted 00:02:35 (1305 turns).

letownia3 the Magician (Demonspawn Wizard)          Turns: 1305, Time: 00:02:35

Health: 24/24      AC:  5    Str:  8    XL:     3   Next: 0%
Magic:  7/7        EV: 11    Int: 19    God:
Gold:   64         SH:  0    Dex: 11    Spells: 7/8 levels left

rFire    . . .     SeeInvis .   a - +0 dagger
rCold    . . .     Gourm    .   (no shield)
rNeg     . . .     Faith    .   e - +0 leather armour
rPois    .         Spirit   .   p - +2 hat
rElec    .         Reflect  .   (no cloak)
rCorr    .         Harm     .   (no gloves)
MR       .....                  (no boots)
Stlth    ++........             (no amulet)
HPRegen  0.08/turn              j - ring of stealth
MPRegen  0.10/turn              (no ring)

@: no status effects
A: antennae 1, powered by death 1
a: no special abilities


You were on level 3 of the Dungeon.
You were not hungry.

You visited 1 branch of the dungeon, and saw 3 of its levels.

You collected 64 gold pieces.

Inventory:

Hand Weapons
 a - a +0 dagger (weapon)
Missiles
 h - 17 bolts
Armour
 e - a +0 leather armour (worn)
 p - a +2 hat (worn)
Jewellery
 j - a ring of stealth (left hand)
Scrolls
 f - 2 scrolls of remove curse {unknown}
 g - 2 scrolls of identify {unknown}
 i - a scroll of amnesia {unknown}
 o - a scroll of enchant weapon {unknown}
Potions
 b - a potion of berserk rage {unknown}
 k - a potion of degeneration {unknown}
 l - 2 potions of might {unknown}
 m - a potion of curing {unknown}
Books
 c - a book of Minor Magic

   Spells                             Type                      Level
   a - Magic Dart                     Conjuration                  1
   b - Blink                          Translocation                2
   c - Call Imp                       Summoning                    2
   d - Slow                           Hexes                        2
   e - Conjure Flame                  Conjuration/Fire             3
   f - Mephitic Cloud                 Conjuration/Poison/Air       3
Comestibles
 d - 4 rations


   Skills:
 - Level 1.7 Dodging
 - Level 1.7 Stealth
 - Level 3.0 Spellcasting
 + Level 3.0 Conjurations
   Level 1.0 Summonings
   Level 0.8 Translocations


You had 7 spell levels left.
You knew the following spells:

 Your Spells              Type           Power        Failure   Level  Hunger
a - Magic Dart            Conj           ##..         6%          1    None


Dungeon Overview and Level Annotations

Branches:
Dungeon (3/15)

Altars:

Annotations:
D:3 Jessica


Innate Abilities, Weirdness & Mutations

You have a pair of small antennae on your head.
You regenerate a little health from kills.


Message History

There is a stone staircase leading down here.
You climb downwards.
Level annotation: Jessica
There is a stone staircase leading up here.
Unknown command.
A rat comes into view.
The helpless rat fails to defend itself.
You hit the rat.
You kill the rat!
You have reached level 3!
Your experience leads to an increase in your attributes!
Increase (S)trength, (I)ntelligence, or (D)exterity?
You feel stronger.
Your demonic ancestry asserts itself...
A pair of antennae grows on your head!
Are you sure you want to abandon this character and quit the game? (Confirm with "yes".)
Okay, then.
Unknown command.
Unknown command.
Unknown command.
Are you sure you want to abandon this character and quit the game? (Confirm with "yes".)

#..## #..#
#@.#
##########
#.....<..#
#.######.#
#@# #†#
#.# #..
###


There were no monsters in sight!

Vanquished Creatures
  An adder (D:2)
  2 bats
  A giant cockroach (D:1)
  2 goblins (D:2)
  3 hobgoblins
  4 kobolds
  A frilled lizard (D:2)
  5 rats
19 creatures vanquished.

Notes
Turn   | Place    | Note
-------+----------+-------------------------------------------
     0 | D:1      | letownia3 the Demonspawn Wizard began the quest for the Orb.
     0 | D:1      | Reached XP level 1. HP: 13/13 MP: 4/4
   539 | D:1      | Gained mutation: You regenerate a little health from kills. [demonic ancestry]
   539 | D:1      | Reached XP level 2. HP: 19/19 MP: 1/6
  1251 | D:3      | Noticed Jessica
  1304 | D:3      | Gained mutation: You have a pair of small antennae on your head. [demonic ancestry]
  1304 | D:3      | Reached XP level 3. HP: 24/24 MP: 7/7
  1305 | D:3      | Quit the game

Skill      XL: |  1  2 |
---------------+-------+-----
Conjurations   | 2 3 |  3.0
Dodging        | |  1.7
Stealth        | |  1.7
Spellcasting   | |  3.0
Summonings     | |  1.0
Translocations | |  0.8

Action                   || total
-------------------------++-------
Melee: Dagger            ||     5
 Cast: Magic Dart        ||    43
 Stab: Sleeping          ||     1
  Eat: Chunk             ||     1
Armor: Leather armour    ||     5
Dodge: Dodged            ||    15
